 Dungeon Crawl Stone Soup version 0.29.1-1-gd02db6906a (webtiles) character file.

Game seed: 15997431819212198955

1069 vvl the Stinger (level 8, 0/55 (57) HPs)
             Began as a Demonspawn Venom Mage on Sept 26, 2022.
             Slain by a wight
             ... wielding a +3 hand axe
              (4 damage)
             ... on level 5 of the Dungeon.
             The game lasted 00:18:34 (6857 turns).

vvl the Stinger (Demonspawn Venom Mage)             Turns: 6857, Time: 00:18:35

HP:   0/55 (57)     AC:  7    Str: 16    XL:     8   Next: 7%
MP:   13/13         EV: 15    Int: 20    God:
Gold: 228           SH:  0    Dex: 13    Spells: 8/13 levels left

rFire   . . .      SeeInvis .   t - +1 dagger (elec)
rCold   . . .      Faith    .   (no shield)
rNeg    . . .      Spirit   .   m - +0 ring mail
rPois   .          Reflect  .   u - +0 helmet
rElec   .          Harm     .   (no cloak)
rCorr   .          Rampage  .   f - +0 pair of gloves
Will    .....                   (no boots)
Stlth   +.........              (no amulet)
HPRegen 0.18/turn               d - +4 ring of evasion
MPRegen 0.26/turn               j - +6 ring of strength

@: mighty, lightly drained
A: ignite blood 1, magic regeneration, big brain 1, weakness stinger 2
a: no special abilities


You were on level 5 of the Dungeon.
You visited 1 branch of the dungeon, and saw 7 of its levels.

You collected 316 gold pieces.
You spent 88 gold pieces at shops.

Inventory:

Hand Weapons
 t - a +1 dagger of electrocution (weapon)
 v - a +2 short sword of venom
Armour
 f - a +0 pair of gloves (worn)
 m - a +0 ring mail (worn)
 u - a +0 helmet (worn)
Jewellery
 d - a +4 ring of evasion (left hand)
 j - a +6 ring of strength (right hand)
 r - a +4 ring of evasion
 s - a ring of willpower
 y - a ring of see invisible
Wands
 k - a wand of charming (5)
Scrolls
 a - a scroll of fear
 c - a scroll of identify
 e - 3 scrolls of teleportation
 g - a scroll of immolation
 h - a scroll of summoning
 n - a scroll of enchant weapon
 q - a scroll of vulnerability
 x - 2 scrolls of enchant armour
Potions
 b - a potion of magic


   Skills:
 + Level 2.8 Fighting
 + Level 2.4 Armour
 + Level 3.2 Dodging
 - Level 2.0 Stealth
 + Level 3.4 Spellcasting
 + Level 2.7 Conjurations
 + Level 1.9 Necromancy
 + Level 2.7 Transmutations
 + Level 1.5 Fire Magic
 * Level 5.4 Poison Magic


You had 8 spell levels left.
You knew the following spells:

 Your Spells              Type           Power      Damage    Failure   Level
a - Sting                 Tmut/Pois      76%        1d6       4%          1
b - Olgreb's Toxic Radia  Pois           25%        N/A       26%         4

Your spell library contained the following spells:

 Spells                   Type           Power      Damage    Failure   Level
 Poisonous Vapours        Pois/Air       28%        N/A       12%         2
 Ignite Poison            Fire/Tmut/Pois 16%        N/A       21%         3
 Mephitic Cloud           Conj/Pois/Air  14%        N/A       24%         3
 Apportation              Tloc           6%         N/A       26%         1
 Gell's Gravitas          Tloc           3%         N/A       58%         3
 Alistair's Intoxication  Tmut/Pois      12%        N/A       78%         5
 Freezing Cloud           Conj/Ice/Air   3%         6-21      99%         5
 Manifold Assault         Tloc           3%         N/A       100%        5
 Simulacrum               Ice/Necr       3%         N/A       100%        6
 Fire Storm               Conj/Fire      6%         8d2       100%        9
 Polar Vortex             Ice            1%         N/A       100%        9


Dungeon Overview and Level Annotations

Branches:
Dungeon (7/15)
 Temple: D:4-7

Altars:
Trog
Vehumet

Shops:
D:6 ?


Innate Abilities, Weirdness & Mutations

Your demonic aura sometimes causes spilled blood to erupt in flames.
You regenerate magic rapidly.
You have an unusually large brain. (Int +2)
You have a tail ending in a sharp stinger.


Message History

Something hits you but does no damage. Something hits you.
* * * LOW HITPOINT WARNING * * *
The sky beast attacks as you move away! The sky beast misses you.
Something hits you.
* * * LOW HITPOINT WARNING * * *
The black bear misses you.
The black bear claws you but does no damage. x2
Aiming: Charm
Press: ? - help, Shift-Dir - straight line, f - black bear
Aim: a black bear (chance to affect: 49%)
The black bear resists with some effort.
Something hits you.
* * * LOW HITPOINT WARNING * * *
Something hits you.
* * * LOW HITPOINT WARNING * * *
The wight hits you with a +3 hand axe.
* * * LOW HITPOINT WARNING * * *
You feel drained. The black bear bites you.
* * * LOW HITPOINT WARNING * * *
The black bear claws you but does no damage. x2
The sky beast completely misses you.
As you read the scroll of fear, it crumbles to dust.
You assume a fearsome visage.
The sky beast looks frightened!
The wight is unaffected.
The black bear looks frightened!
The wight misses you. The wight attacks as you move away!
The wight barely misses you.
There is a stone staircase leading up here.
The wight completely misses you.
You climb upwards.
Reactivating autopickup.
There is a stone staircase leading down here.
Your +2 short sword of venom stops dripping with poison.
You hear the crackle of electricity.
t - a +1 dagger of electrocution (weapon)
The wight hits you but does no damage.
You feel very mighty all of a sudden. The wight closely misses you.
You hit the wight.
Your tail-slap misses the wight.
The wight is moderately damaged.
The wight hits you with a +3 hand axe.
You die...

#.# ###...###..
#?#####..#..(...
#.##....######..
######.##.#### #....
#.........#######.###
#....................
#.....###########.###
####.z# ##...# #@##
####..### #.#
##....## #.# #..####
#.# ##.## #.# #..#
#.# #.## #.# ##.#
#.###..# #.....##


You could see a wight.

Vanquished Creatures
  Sigmund (D:2)
  Duvessa (D:4)
  2 ogres
  A bullfrog (D:7)
  Dowan (D:3)
  A jelly (D:5)
  2 hounds (D:4)
  Jessica (D:2)
  An iguana (D:6)
  3 orc wizards
  Robin (D:3)
  5 adders
  8 gnolls
  A river rat (D:4)
  A white imp (D:5)
  3 ufetubi
  2 worms (D:2)
  2 dart slugs
  20 orcs
  8 endoplasms
  5 giant cockroaches
  19 goblins
  8 hobgoblins
  7 jackals (D:2)
  5 quokkas
  4 ball pythons
  4 bats
  8 frilled lizards
  7 kobolds
  5 rats
137 creatures vanquished.

Notes
Turn   | Place    | Note
-------+----------+-------------------------------------------
     0 | D:1      | vvl the Demonspawn Venom Mage began the quest for the Orb.
     0 | D:1      | Reached XP level 1. HP: 13/13 MP: 3/3
   137 | D:1      | Reached skill level 1 in Transmutations
   293 | D:1      | Gained mutation: You have a small tail. [demonic ancestry]
   293 | D:1      | Reached XP level 2. HP: 8/20 MP: 0/5
   615 | D:1      | Found a faded altar of an unknown god.
  1318 | D:2      | Gained mutation: You regenerate magic rapidly. [demonic
                  | ancestry]
  1318 | D:2      | Reached XP level 3. HP: 25/25 MP: 1/6
  1509 | D:2      | Noticed Jessica
  1512 | D:2      | Killed Jessica
  1513 | D:2      | Reached skill level 1 in Fighting
  1548 | D:2      | Gained mutation: You have an unusually large brain. (Int
                  | +2) [demonic ancestry]
  1548 | D:2      | Reached XP level 4. HP: 32/32 MP: 2/7
  1655 | D:2      | Reached skill level 1 in Conjurations
  2077 | D:2      | Noticed Sigmund
  2130 | D:2      | Killed Sigmund
  2131 | D:2      | Reached skill level 1 in Armour
  2131 | D:2      | Reached skill level 4 in Poison Magic
  2131 | D:2      | Reached XP level 5. HP: 32/38 MP: 2/8
  2613 | D:3      | Got Zinaeph's Encyclopedia of Discontinuous Embers
  2728 | D:3      | Reached XP level 6. HP: 44/44 MP: 3/9
  2916 | D:3      | Noticed Robin
  2945 | D:3      | Killed Robin
  3571 | D:3      | Learned a level 4 spell: Olgreb's Toxic Radiance
  3698 | D:3      | Found a radiant altar of Vehumet.
  4409 | D:4      | Found a bloodstained altar of Trog.
  4462 | D:4      | Noticed Duvessa
  4463 | D:4      | Noticed Dowan
  4623 | D:4      | Killed Duvessa
  4624 | D:4      | Reached skill level 1 in Necromancy
  4624 | D:4      | Gained mutation: Your demonic aura sometimes causes spilled
                  | blood to erupt in flames. [demonic ancestry]
  4624 | D:4      | Reached XP level 7. HP: 12/50 MP: 6/11
  5039 | D:3      | Killed Dowan
  5040 | D:3      | Reached skill level 1 in Fire Magic
  5668 | D:4      | Reached skill level 5 in Poison Magic
  5891 | D:5      | Entered Level 5 of the Dungeon
  6713 | D:5      | You fall into a shaft and drop 2 floors!
  6736 | D:6      | Found Lounwuss's Magic Scroll Shop.
  6741 | D:6      | Gained mutation: You have a tail ending in a sharp stinger.
                  | [demonic ancestry]
  6741 | D:6      | Reached XP level 8. HP: 53/57 MP: 9/13
  6766 | D:6      | Bought a scroll of identify for 22 gold pieces
  6766 | D:6      | Bought a scroll of immolation for 44 gold pieces
  6766 | D:6      | Bought a scroll of identify for 22 gold pieces
  6773 | D:6      | Noticed a troll
  6857 | D:5      | Slain by a wight

Illustrated notes

Levels and vault maps discovered:
D:1:      dpeg_arrival_circle_labyrinth_c, layout_rooms,
          shapermc_ecumenical_altar_notcrosses
D:2:      layout_basic, serial_corexii_hall, chequers_hall_statues_y,
          chequers_hall_statues_y, kennysheep_minor_cross, chequers_mini_garden,
          minmay_crystal_room, minmay_unequal, uniq_jessica, uniq_sigmund
D:3:      layout_loops_corners, nicolae_vehumet_altar_sigil,
          nicolae_figureground_pulse, uniq_robin
D:4:      layout_loops_ring, general_overflow_altar, gup_sewer_entry_spiral,
          uniq_duvessa
D:5:      layout_rooms
D:6:      kb_forest_paths, layout_basic, gammafunk_temple_overflow_statue,
          serial_shops, nicolae_shop_hallway_plus, kb_rosetta
D:7:      layout_layer_cave, uniq_maggie

Skill      XL: |  1  2  3  4  5  6  7 |
---------------+----------------------+-----
Transmutations | 1 2 |  2.7
Dodging        | 2 3 |  3.2
Stealth        | 2 |  2.0
Fighting       | 1 2 |  2.8
Conjurations   | 1 2 |  2.7
Armour         | 1 2 |  2.4
Poison Magic   | 4 5 |  5.4
Spellcasting   | 3 |  3.4
Necromancy     | 1 |  1.9
Fire Magic     | 1 |  1.5

Action                   |  1- 3 |  4- 6 |  7- 9 || total
-------------------------+-------+-------+-------++-------
Melee: Unarmed           |    36 |       |       ||    36
       Tailslap          |     1 |    10 |    12 ||    23
       Short sword       |       |    76 |    92 ||   168
       Punch             |       |       |     3 ||     3
       Dagger            |       |       |     1 ||     1
 Cast: Sting             |    53 |   115 |    44 ||   212
       Olgreb's Toxic Ra |       |       |     3 ||     3
Evoke: Wand              |       |       |     1 ||     1
  Use: Potion            |       |     1 |     6 ||     7
       Scroll            |       |       |    13 ||    13
Armor: Robe              |    11 |       |       ||    11
       Ring mail         |       |    36 |    36 ||    72
Dodge: Dodged            |    43 |   118 |   123 ||   284
